 Dungeon Crawl Stone Soup version 0.28.0-53-g5a82cb258f (webtiles) character file.

Game seed: 15568683674393460884

1470 nickcage the Carver (level 8, -5/58 HPs)
             Began as a Demonspawn Abyssal Knight on May 24, 2022.
             Was a Priest of Lugonu.
             Slain by a two-headed ogre
             ... wielding a +0 giant spiked club
              (16 damage)
             ... on level 5 of the Dungeon.
             The game lasted 00:13:55 (5217 turns).

nickcage the Carver (Demonspawn Abyssal Knight)     Turns: 5217, Time: 00:13:56

Health: -5/58      AC: 16    Str: 15    XL:     8   Next: 49%
Magic:  9/9        EV:  6    Int:  8    God:    Lugonu [***...]
Gold:   163        SH:  5    Dex: 21    Spells: 7/7 levels left

rFire   . . .      SeeInvis .   C - +0 scimitar (flame)
rCold   . . .      Faith    .   n - +0 buckler
rNeg    . . .      Spirit   .   I - +0 chain mail
rPois   .          Reflect  .   u - +2 helmet
rElec   .          Harm     .   d - scarf {shadows}
rCorr   .          Rampage  .   t - +0 pair of gloves
Will    +++..      Rage     50% (no boots)
Stlth   ..........              h - necklace of Bloodlust {*Rage Will++ Int-3 Slay+6}
HPRegen 0.19/turn               f - +6 ring of dexterity
MPRegen 0.11/turn               i - ring of willpower

@: about to teleport, on berserk cooldown, slowed, very slow
A: hooves 1, sharp scales 2
a: Renounce Religion, Depart the Abyss, Bend Space, Banish


You were on level 5 of the Dungeon.
You worshipped Lugonu.
Lugonu was most pleased with you.
You visited 1 branch of the dungeon, and saw 5 of its levels.
You visited the Abyss 1 time.
You also visited: Ossuary.

You collected 345 gold pieces.
You spent 182 gold pieces at shops.

Inventory:

Hand Weapons
 a - a +1 falchion
 C - a +0 scimitar of flaming (weapon)
 H - a +0 vorpal morningstar
Missiles
 g - 3 poisoned darts
 x - a throwing net
 D - 2 silver boomerangs
Armour
 b - a +0 leather armour
 d - a scarf of shadows (worn)
 n - a +0 buckler (worn)
 t - a +0 pair of gloves (worn)
 u - a +2 helmet (worn)
 I - a +0 chain mail (worn)
Jewellery
 f - a +6 ring of dexterity (left hand)
 h - the necklace of Bloodlust (around neck) {*Rage Will++ Int-3 Slay+6}
   (You found it on level 2 of the Dungeon)

   [amulet of nothing]

   It extends the wearer's berserk rage when killing foes.
   Int:       It affects your intelligence (-3).
   Slay:      It affects your accuracy & damage with ranged weapons and melee
   (+6).
   *Rage:     It berserks you when you make melee attacks (+50% chance).
   Will:      It greatly increases your willpower.
 i - a ring of willpower (right hand)
 K - a +6 ring of intelligence
Wands
 s - a wand of mindburst (10) (quivered)
Scrolls
 k - 2 scrolls of fog
 l - 4 scrolls of identify
 p - a scroll of magic mapping
 q - a scroll of amnesia
 w - 4 scrolls of vulnerability
 y - 3 scrolls of holy word {unknown}
 J - a scroll of noise {unknown}
Potions
 c - a potion of ambrosia {unknown}
 j - 2 potions of attraction
 m - 2 potions of degeneration
 o - 2 potions of haste {unknown}
 r - a potion of cancellation {unknown}
 v - 2 potions of heal wounds {unknown}
 z - 2 potions of magic {unknown}
 A - a potion of brilliance {unknown}
 B - 2 potions of lignification {unknown}
 E - a potion of mutation {unknown}
 F - a potion of might {unknown}
 G - 4 potions of curing {unknown}


   Skills:
 - Level 3.0 Fighting
 + Level 8.2 Long Blades
 * Level 5.0 Armour
 - Level 0.8 Dodging
 * Level 2.2 Shields
 - Level 2.4 Invocations


You had 7 spell levels left.
You didn't know any spells.
Your spell library contained the following spells:

 Spells                   Type           Power      Damage    Failure   Level
 Animate Skeleton         Necr           0%         N/A       100%        1
 Pain                     Necr           0%         1d4       100%        1
 Shock                    Conj/Air       0%         1d3       100%        1
 Conjure Flame            Conj/Fire      0%         6-21      100%        3
 Frozen Ramparts          Ice            0%         1d2       100%        3
 Gell's Gravitas          Tloc           0%         N/A       100%        3
 Ignite Poison            Fire/Tmut/Pois 0%         N/A       100%        3
 Lesser Beckoning         Tloc           0%         N/A       100%        3
 Swiftness                Air            0%         N/A       100%        3
 Teleport Other           Tloc           0%         N/A       100%        3
 Vampiric Draining        Necr           0%         2d6       100%        3
 Airstrike                Air            0%         N/A       100%        4
 Ice Form                 Ice/Tmut       0%         N/A       100%        4
 Sticky Flame             Conj/Fire      0%         2d3       100%        4
 Summon Ice Beast         Ice/Summ       0%         N/A       100%        4


Dungeon Overview and Level Annotations

Branches:
Dungeon (5/15)            Ossuary (visited)
 Temple: D:4-7

Altars:
Dithmenos
Fedhas
Kikubaaqudgha
Qazlal
Vehumet

Shops:
D:3 [   D:4 *

Annotations:
D:4 3 runed translucent doors, Rudyous's ghost, amateur DjFi


Innate Abilities, Weirdness & Mutations

You have large cloven feet.
You are mostly covered in razor-sharp scales. (AC +2, Slay +2)


Message History

Found a hand axe.
A howler monkey zombie comes into view.
The howler monkey zombie moves out of view.
A howler monkey zombie is nearby!
You block the howler monkey zombie's attack.
A red film seems to cover your vision as you go berserk!
You feel yourself moving faster!
You feel mighty!
You slice the howler monkey zombie!! You burn the howler monkey zombie!
The necklace of Bloodlust glows a violent red.
You destroy the howler monkey zombie!
Lugonu accepts your kill.
No target in view!
No target in view!
Calm down first, please.
You feel a strong urge to attack something.
You feel your anger nearly subside.
You are no longer berserk.
You are exhausted.
You feel yourself slow down.
No target in view!
A two-headed ogre comes into view.
It is wielding a +0 giant spiked club and a +0 giant club.
The two-headed ogre shouts in stereo!
You hear a shout!
Aiming: Mindburst
Press: ? - help, Q - select action, (/) - cycle Shift-Dir - straight line, f - two-headed ogre
Aim: a two-headed ogre, wielding a +0 giant spiked club and a +0 giant club (chance to affect: 47%)
The two-headed ogre's minds are blasted!
The two-headed ogre hits you with a +0 giant spiked club!
You block the two-headed ogre's attack.
You closely miss the two-headed ogre. You kick the two-headed ogre.
The two-headed ogre is moderately wounded.
The two-headed ogre hits you with a +0 giant spiked club!
The two-headed ogre hits you with a +0 giant club!
The two-headed ogre hits you but does no damage.
The two-headed ogre hits you with a +0 giant club!
* * * LOW HITPOINT WARNING * * *
Okay, then.
As you read the scroll of teleportation, it crumbles to dust.
You feel strangely unstable.
The two-headed ogre hits you with a +0 giant spiked club!
You die...

....####.............#
....####.###...... .#
...........+......
.....###.###...... #
.....# #.# .... .....#
#(# .....# #.# ..#..#
#.# ####### .##..# #.#
#..@O.# ###..# #.#
#.###.# #.#..###.# #.#
#.# ..#......# #.# #.#
..'.รท#########.# #.#
..#............# #.#
## #.#.############
#.# #. ###.# #.# .##.#
#.......#..# ####


You could see a two-headed ogre.

Vanquished Creatures
  A sky beast (D:5)
  A hornet zombie (D:5)
  2 ogres (D:4)
  2 elf zombies (Ossuary)
  A scorpion (D:5)
  A bullfrog zombie (D:5)
  3 orc priests
  4 centaur zombies (Ossuary)
  2 hounds (D:5)
  6 human zombies (Ossuary)
  2 iguanas
  Ijyb (D:3)
  2 orc wizards
  A hound skeleton (D:4)
  4 mummies
  A howler monkey zombie (D:5)
  4 gnolls (D:5)
  8 adders
  2 adder skeletons (D:4)
  2 worms
  A dart slug (D:3)
  19 orcs
  7 bats
  3 endoplasms
  2 giant cockroaches
  6 hobgoblins
  7 jackals
  7 quokkas
  8 ball pythons
  2 frilled lizards
  4 goblins
  2 kobolds
  2 rats (D:2)
120 creatures vanquished.

Notes
Turn   | Place    | Note
-------+----------+-------------------------------------------
     0 | Abyss:1  | nickcage the Demonspawn Abyssal Knight began the quest for
                  | the Orb.
     0 | Abyss:1  | Reached XP level 1. HP: 18/18 MP: 2/2
     0 | D:1      | Escaped the Abyss
   108 | D:1      | Reached skill level 2 in Long Blades
   225 | D:1      | Reached * piety under Lugonu
   235 | D:1      | Gained mutation: You have large cloven feet. [demonic
                  | ancestry]
   235 | D:1      | Reached XP level 2. HP: 24/24 MP: 3/3
  1372 | D:2      | Gained mutation: You are partially covered in razor-sharp
                  | scales. (AC +1, Slay +1) [demonic ancestry]
  1372 | D:2      | Reached XP level 3. HP: 22/28 MP: 4/4
  1472 | D:2      | Found the necklace of Bloodlust {*Rage Will++ Int-3 Slay+6}
  1874 | D:2      | Reached skill level 3 in Long Blades
  2001 | D:3      | Reached XP level 4. HP: 35/35 MP: 5/5
  2430 | D:3      | Reached XP level 5. HP: 41/41 MP: 6/6
  2487 | D:3      | Noticed Ijyb
  2493 | D:3      | Killed Ijyb
  2493 | D:3      | Reached ** piety under Lugonu
  2556 | D:3      | Found a radiant altar of Vehumet.
  2876 | D:3      | Reached skill level 4 in Long Blades
  2946 | D:3      | Found a stormy altar of Qazlal.
  2955 | D:3      | Found Nafuh's Antique Armour Shop.
  3040 | D:3      | Found a faded altar of an unknown god.
  3215 | D:4      | Noticed an ogre
  3215 | D:4      | Found Yrchosiuh's Assorted Antiques.
  3219 | D:4      | Killed an ogre
  3220 | D:4      | Reached XP level 6. HP: 47/47 MP: 7/7
  3250 | D:4      | Found a shadowy altar of Dithmenos.
  3259 | D:4      | Found a blossoming altar of Fedhas.
  3613 | D:4      | Reached skill level 5 in Long Blades
  3886 | D:4      | Found an ancient bone altar of Kikubaaqudgha.
  3938 | D:4      | Found a runed translucent gate.
  3938 | D:4      | Found a runed translucent gate.
  3938 | D:4      | Found a runed translucent gate.
  3943 | D:4      | Noticed Rudyous's ghost (amateur DjFi)
  4106 | D:4      | Bought a glowing morningstar for 182 gold pieces
  4283 | D:5      | Entered Level 5 of the Dungeon
  4313 | D:5      | Noticed a sky beast
  4326 | D:4      | Gained mutation: You are mostly covered in razor-sharp
                  | scales. (AC +2, Slay +2) [demonic ancestry]
  4326 | D:4      | Reached XP level 7. HP: 52/52 MP: 8/8
  4485 | D:5      | Reached skill level 6 in Long Blades
  4666 | D:5      | Reached skill level 1 in Shields
  4669 | D:5      | Found a sand-covered staircase.
  4676 | Ossuary  | Entered an ossuary
  4693 | Ossuary  | Reached *** piety under Lugonu
  4857 | Ossuary  | Reached skill level 7 in Long Blades
  4863 | Ossuary  | Reached XP level 8. HP: 58/58 MP: 9/9
  4938 | D:5      | Reached skill level 8 in Long Blades
  5106 | D:5      | Reached skill level 5 in Armour
  5211 | D:5      | Noticed a two-headed ogre
  5217 | D:5      | Slain by a two-headed ogre

Illustrated notes

Levels and vault maps discovered:
D:1:      minmay_arrival_nine_rooms, layout_basic, st_stairs_11
D:2:      layout_basic
D:3:      layout_loops_corners, mainiacjoe_overflow_alcove_1,
          nicolae_overflow_crystal_walls, hellmonk_ecumenical_altar_run_dry,
          serial_shops, shop, minmay_fractal_squares_gapless_5, uniq_ijyb
D:4:      layout_gridville, mainiacjoe_overflow_big_doors,
          lemuel_coloured_pillars_altar, serial_shops, shop,
          gammafunk_ghost_necromancy, serial_rivers,
          chequers_serial_rivers_large_b, chequers_serial_rivers_room_a,
          chequers_serial_rivers_room_b, chequers_serial_rivers_micro_b,
          chequers_serial_rivers_large_a, minmay_misc_feat_rows
D:5:      layout_basic, gup_ossuary_entry_pyramid, amethyst_killhole,
          hangedman_abyss_or_decor_stagger, minmay_chambers_of_fives,
          uniq_pikel, uniq_edmund

Skill      XL: |  1  2  3  4  5  6  7  8 |
---------------+-------------------------+-----
Long Blades    | 2 3 4 5 7 8 |  8.2
Armour         | 2 3 4 5 |  5.0
Shields        | 1 2 |  2.2
Fighting       | |  3.0
Dodging        | |  0.8
Invocations    | |  2.4

Action                   |  1- 3 |  4- 6 |  7- 9 || total
-------------------------+-------+-------+-------++-------
Melee: Falchion          |    89 |    78 |       ||   167
       Kick              |    17 |    21 |    30 ||    68
       Scimitar          |       |    10 |    87 ||    97
Invok: Depart the Abyss  |     1 |       |       ||     1
Evoke: Wand              |       |       |     1 ||     1
  Use: Scroll            |       |    12 |     1 ||    13
 Stab: Sleeping          |     1 |     3 |       ||     4
Armor: Leather armour    |    44 |    19 |    40 ||   103
       Chain mail        |       |       |     4 ||     4
Dodge: Dodged            |    79 |    18 |    39 ||   136
Block: Buckler           |     1 |    12 |    22 ||    35
